 Dungeon Crawl Stone Soup version 0.20-a0-903-g7e3609c (webtiles) character file.

116 Banto the Poker (level 4, 0/33 HPs)
             Began as a Demonspawn Gladiator on Mar 21, 2017.
             Killed by divine providence
             ... invoked by an orc priest
              (9 damage)
             ... on level 3 of the Dungeon.
             The game lasted 00:01:45 (1642 turns).

Banto the Poker (Demonspawn Gladiator)              Turns: 1642, Time: 00:01:45

Health: 0/33       AC:  8    Str: 14    XL:     4   Next: 69%
Magic:  4/4        EV: 13    Int:  9    God:
Gold:   110        SH:  0    Dex: 16    Spells: 3/3 levels left

rFire    + . .     SeeInvis .   a - +0 trident
rCold    . . .     Gourm    .   b - +0 leather armour
rNeg     . . .     Faith    .   (no shield)
rPois    .         Spirit   .   c - +0 helmet
rElec    .         Reflect  .   w - +2 cloak
rCorr    +         Harm     .   (no gloves)
MR       .....                  s - +0 pair of boots
Stlth    +.........             (no amulet)
Regen    0.2/turn               (no ring)
MPRegen  0.1/turn               r - ring of resist corrosion

@: no status effects
A: demonic guardian 2, fire resistance 1
a: no special abilities


You were on level 3 of the Dungeon.
You were not hungry.

You visited 1 branch of the dungeon, and saw 3 of its levels.

You collected 110 gold pieces.

Inventory:

Hand Weapons
 a - a +0 trident (weapon)
Missiles
 d - 3 throwing nets (quivered)
 q - 3 silver javelins
Armour
 b - a +0 leather armour (worn)
 c - a +0 helmet (worn)
 s - a +0 pair of boots (worn)
 v - a +0 pair of gloves
 w - a +2 cloak (worn)
Jewellery
 k - an uncursed amulet of regeneration {unknown}
 l - an uncursed ring of protection from fire {unknown}
 r - a ring of resist corrosion (left hand)
Scrolls
 e - a scroll of noise {unknown}
 j - a scroll of recharging {unknown}
 m - 2 scrolls of fog {unknown}
 n - 2 scrolls of teleportation {unknown}
 p - 4 scrolls of remove curse {unknown}
 t - 3 scrolls of identify {unknown}
 u - a scroll of blinking {unknown}
 x - a scroll of random uselessness {unknown}
 y - a scroll of enchant weapon {unknown}
Potions
 h - a potion of invisibility {unknown}
 i - a potion of mutation {unknown}
 o - 2 potions of heal wounds {unknown}
Comestibles
 f - 3 bread rations
 g - 10 chunks of flesh
 z - a meat ration


   Skills:
 - Level 2.0 Fighting
 + Level 5.0 Polearms
 - Level 1.7 Throwing
 - Level 2.6 Dodging


You had 3 spell levels left.
You didn't know any spells.

Dungeon Overview and Level Annotations

Branches:
Dungeon (3/15)

Altars:
Ashenzari
Trog


Innate Abilities, Weirdness & Mutations

A demonic guardian rushes to your aid.
Your flesh is heat resistant. (rF+)


Message History

Attack whom?
Press: ? - help, Dir - move target cursor, f - orc
Aim: an orc, wielding a whip and wearing a chain mail (steam)
You reach to attack!
You hit the orc.
The orc is severely wounded.
Your smoke demon gestures at the orc.
The orc is smitten.
The orc dies!
Attack whom?
Press: ? - help, Dir - move target cursor, f - orc priest
Aim: an orc priest, wielding a club and wearing a shiny ring mail (steam, heavily wounded)
You could not reach far enough!
The orc closely misses your smoke demon.
Your smoke demon gestures at the orc.
The orc is smitten.
The orc dies!
The orc priest is engulfed in a cloud of scalding steam.
The orc priest invokes the aid of Beogh against you.
Beogh smites you!
You die...

... ##.##.# #.
.. #.##.# #. .
#.##.# ##
#..#(# #..#.#
#..#.# #....#
#.#..# #...@#
####3#
#....)o§#
#[....§§§.
#...........
######.......#
#.......#
#.......#
#..$....#


You could see an orc priest and a friendly smoke demon.

Vanquished Creatures
  2 dart slugs
  2 leopard geckos
  4 orcs
  2 giant cockroaches (D:2)
  9 goblins
  7 hobgoblins
  4 jackals (D:2)
  6 kobolds
  A quokka (D:2)
  2 bats
  10 frilled lizards
  5 rats
54 creatures vanquished.

Vanquished Creatures (collateral kills)
  2 orc wizards (D:3)
  An adder (D:3)
  4 orcs (D:3)
7 creatures vanquished.

Grand Total: 61 creatures vanquished

Notes
Turn   | Place    | Note
-------+----------+-------------------------------------------
     0 | D:1      | Banto the Demonspawn Gladiator began the quest for the Orb.
     0 | D:1      | Reached XP level 1. HP: 16/16 MP: 1/1
    80 | D:1      | Reached skill level 3 in Polearms
   145 | D:1      | Found a shattered altar of Ashenzari.
   213 | D:1      | Gained mutation: Your flesh is heat resistant. (rF+) [demonic ancestry]
   213 | D:1      | Reached XP level 2. HP: 18/22 MP: 2/2
   613 | D:2      | Gained mutation: A weak demonic guardian rushes to your aid. [demonic ancestry]
   613 | D:2      | Reached XP level 3. HP: 17/27 MP: 3/3
   872 | D:2      | Found a bloodstained altar of Trog.
   900 | D:2      | Reached skill level 4 in Polearms
  1298 | D:2      | Found a faded altar of an unknown god.
  1565 | D:3      | Gained mutation: A demonic guardian rushes to your aid. [demonic ancestry]
  1565 | D:3      | Reached XP level 4. HP: 33/33 MP: 4/4
  1640 | D:3      | Reached skill level 5 in Polearms
  1642 | D:3      | Killed from afar by an orc priest

Vault maps used:
D:1:      scummos_arrival_gate, evilmike_ruin_ashenzari
D:2:      first_bread, chequers_ecumenical_altar_simple, trog_butcher_becter
D:3:      kennysheep_slug_shrine, uniq_robin

Skill      XL: |  1  2  3  4 |
---------------+-------------+-----
Polearms       | 3 4 5 |  5.0
Fighting       | |  2.0
Throwing       | |  1.7
Dodging        | |  2.6

Action                   |  1- 3 |  4- 6 || total
-------------------------+-------+-------++-------
Melee: Trident           |   179 |     7 ||   186
 Stab: Distracted        |     1 |     1 ||     2
       Sleeping          |     3 |       ||     3
  Eat: Chunk             |     2 |     1 ||     3
Armor: Leather armour    |    38 |     1 ||    39
Dodge: Dodged            |    75 |     5 ||    80

Table legend:
 A = Turns spent in this place as a percentage of turns spent in the entire game.
 B = Non-inter-level travel turns spent in this place as a percentage of non-inter-level travel turns spent in the entire game.
 C = Inter-level travel turns spent in this place as a percentage of turns spent in this place.
 D = Turns resting spent in this place as a percentage of non-inter-level travel turns spent in this place.
 E = Turns spent auto-exploring this place as a percentage of non-inter-level travel turns spent in this place.
 F = Non-inter-level travel turns spent in this place divided by the number of levels of this place that you've seen.
                   A       B       C       D       E      F
               +-------+-------+-------+-------+-------+----------------------
         Total | 100.0 | 100.0 |   0.4 |   0.6 |  14.9 | 176.3
       Dungeon | 100.0 | 100.0 |   0.4 |   0.6 |  14.9 | 176.3
               +-------+-------+-------+-------+-------+----------------------

Table legend:
 A = Kills in this place as a percentage of kills in entire the game.
 B = Kills by you in this place as a percentage of kills by you in the entire game.
 C = Kills by friends in this place as a percentage of kills by friends in the entire game.
 D = Other kills in this place as a percentage of other kills in the entire game.
 E = Experience gained in this place as a percentage of experience gained in the entire game.
 F = Experience gained in this place divided by the number of levels of this place that you have seen.
                   A       B       C       D       E      F
               +-------+-------+-------+-------+-------+----------------------
         Total | 100.0 | 100.0 | 100.0 |  -nan | 100.0 |  55.3
       Dungeon | 100.0 | 100.0 | 100.0 |  -nan | 100.0 |  55.3
               +-------+-------+-------+-------+-------+----------------------
